 Dungeon Crawl Stone Soup version 0.31.0-12-g77e489cdc1 (webtiles) character file.

Game seed: 785909277376127733

156 spaghetti the Ruffian (level 5, -2/43 HPs)
             Began as a Human Chaos Knight on Mar 2, 2024.
             Was a Plaything of Xom.
             Splashed by a jelly's acid (5 damage)
             ... on level 3 of the Dungeon.
             The game lasted 00:02:35 (2084 turns).

spaghetti the Ruffian (Human Chaos Knight)          Turns: 2084, Time: 00:02:36

Health: -2/43      AC: -2    Str: 19      XL:     5   Next: 38%
Magic:  5/5        EV: 10    Int: 12      God:    Xom [*.....]
Gold:   149        SH:  0    Dex: 11 (13) Spells: 4/4 levels left

rFire   x .          .
                       - Unarmed
rCold   . . .        (no shield)
rNeg    . . .        b - +0 ring mail of Zaisi {*Slow rF- Str+5 Slay+4}
rPois   .            (no helmet)
rElec   .            (no cloak)
rCorr   .            (no gloves)
SInv    .            (no boots)
Will    .....        c - amulet of faith
Stlth   +            (no ring)
HPRegen 0.27/turn    (no ring)
MPRegen 0.09/turn

%: slow self (1%), faith
@: corroded
A: explore regen
a: Renounce Religion


You were on level 3 of the Dungeon.
You worshipped Xom.
You were a special plaything of Xom.
You visited 1 branch of the dungeon, and saw 3 of its levels.

You collected 149 gold pieces.

Inventory:

Missiles
 h - 2 curare-tipped darts
Armour
 a - a +2 leather armour
 b - the +0 ring mail of Zaisi (worn) {*Slow rF- Str+5 Slay+4}
   (You found it on level 2 of the Dungeon)

   Str+5:     It affects your strength (+5).
   Slay+4:    It affects your accuracy & damage with ranged weapons and melee
   (+4).
   rF-:       It makes you vulnerable to fire.
   *Slow:     It may slow you when you take damage.
Jewellery
 c - an amulet of faith (around neck)
 j - an amulet of reflection
Wands
 m - a wand of flame (8)
Scrolls
 d - a scroll of summoning {unknown}
 e - a scroll of noise {unknown}
 f - 2 scrolls of identify {unknown}
 g - 2 scrolls of vulnerability {unknown}
 i - a scroll of poison {unknown}
 l - a scroll of brand weapon {unknown}
Potions
 k - 2 potions of invisibility


   Skills:
 - Level 4.3 Fighting
 - Level 2.0 Armour
 - Level 1.0 Dodging
 + Level 5.0 Unarmed Combat


You had 4 spell levels left.
You didn't know any spells.
Your spell library was empty.

Dungeon Overview and Level Annotations

Branches:
Dungeon (3/15)

Altars:
Elyvilon
Fedhas
Hepliaklqana
Nemelex Xobeh
Qazlal
The Shining One

Annotations:
D:3 1 runed translucent door, Crazy Yiuf


Innate Abilities, Weirdness & Mutations

You regain HP and MP as you explore.


Message History

You are frozen.
You punch the endoplasm!
You kill the endoplasm!
You punch the jelly!
Your hands burn!
The jelly is heavily wounded.
The jelly completely misses you.
You punch the jelly! The acid corrodes you!
Your hands burn!
The jelly is almost dead.
The jelly barely misses you.
You hit the jelly.
You kill the jelly!
You feel your dexterity returning.
Your Unarmed Combat skill increases to level 5!
You hit the jelly but do no damage. The acid corrodes you!
Your hands burn!
The jelly hits you. The acid corrodes you!
You are splashed with acid.
You are too injured to fight recklessly!
You are too injured to fight recklessly!
You are too injured to fight recklessly!
You are too injured to fight recklessly!
You are too injured to fight recklessly!
You are too injured to fight recklessly!
You are too injured to fight recklessly!
You are too injured to fight recklessly!
You are too injured to fight recklessly!
You are too injured to fight recklessly!
You are too injured to fight recklessly!
You are too injured to fight recklessly!
You are too injured to fight recklessly!
You hit the jelly but do no damage.
Your hands burn!
The jelly hits you.
You are splashed with acid!
You hit the jelly but do no damage.
Your hands burn!
* * * LOW HITPOINT WARNING * * *
The jelly hits you.
* * * LOW HITPOINT WARNING * * *
The acid corrodes you!
You are splashed with acid!
* * * LOW HITPOINT WARNING * * *
Unknown command.
You hit the jelly but do no damage.
Your hands burn!
You die...
Xom snickers!

####### ##+ ##+# ### #######.
.... #######.##.÷...!##.......
....#####....#.#.#.PJ...##.######
....#.##.....#.#.#÷.....##.......
....#.'......#'#.#_P_J_.##.......
......'))......#.#JJ....##.......
......'.)......#)#JJ÷.__##.#####.
......##)...)..#@#......##.# #.
.....####......##JJJ..÷P##.# ##.
.....# ##########J....÷##.# #..
.....######### ########.####..
.....'.......#############.......
.....#.##.......##...............
.....#.##........#######.######.#
##############'''########........
########...########.......#


You could see a jelly and 3 endoplasms.

Vanquished Creatures
  A jelly (D:3)
  An iguana (D:3)
  4 gnolls (D:2)
  2 adders
  A ribbon worm (D:2)
  A dart slug (D:3)
  A ball python (D:3)
  2 bats (D:3)
  3 endoplasms
  4 goblins
  2 hobgoblins
  2 jackals
  6 kobolds
  2 quokkas
  3 frilled lizards
  6 rats
41 creatures vanquished.

Notes
Turn   | Place    | Note
-------+----------+-------------------------------------------
     0 | D:1      | spaghetti the Human Chaos Knight began the quest for the
                  | Orb.
     0 | D:1      | Reached XP level 1. HP: 18/18 MP: 1/1
   580 | D:2      | XOM: potion effect (brilliance)
   585 | D:2      | Reached XP level 2. HP: 15/25 MP: 2/2
   588 | D:2      | XOM: potion effect (heal wounds)
   594 | D:2      | Reached XP level 3. HP: 24/30 MP: 3/3
   691 | D:2      | Identified the +0 ring mail of Zaisi {*Slow rF- Str+5
                  | Slay+4}
   786 | D:2      | Found a glowing golden altar of the Shining One.
   893 | D:2      | XOM: silly message
   957 | D:2      | Reached XP level 4. HP: 23/38 MP: 4/4
  1061 | D:2      | XOM: divination: magic mapping
  1077 | D:2      | XOM: divination: magic mapping
  1093 | D:2      | XOM: noise
  1344 | D:2      | Reached skill level 4 in Unarmed Combat
  1642 | D:3      | Found a runed translucent door.
  1643 | D:3      | Noticed Crazy Yiuf
  1708 | D:3      | Reached XP level 5. HP: 43/43 MP: 5/5
  1784 | D:3      | XOM: noise
  1843 | D:3      | XOM: summons 3 hostile demons
  1994 | D:3      | Found a sparkling altar of Nemelex Xobeh.
  2071 | D:3      | Found a stormy altar of Qazlal.
  2071 | D:3      | Found a blossoming altar of Fedhas.
  2071 | D:3      | Found a glowing golden altar of the Shining One.
  2071 | D:3      | Found a sparkling altar of Nemelex Xobeh.
  2071 | D:3      | Found a hazy altar of Hepliaklqana.
  2071 | D:3      | Found a white marble altar of Elyvilon.
  2081 | D:3      | Reached skill level 5 in Unarmed Combat
  2084 | D:3      | Splashed by a jelly's acid

Illustrated notes

Levels and vault maps discovered:
D:1:      erik_arrival_triangle_huge, layout_loops_corners, minmay_hedge_maze
D:2:      layout_rooms, basic_altar, minivault_23
D:3:      cheibrodos_fertilizer, layout_basic, nemelex_altar_shiori,
          dk_noncrumbling_3, uniq_crazy_yiuf_cottage

Skill      XL: |  1  2  3  4  5 |
---------------+----------------+-----
Fighting       | 4 |  4.3
Unarmed Combat | 4 5 |  5.0
Armour         | |  2.0
Dodging        | |  1.0

Action                     |  1- 3 |  4- 6 || total
---------------------------+-------+-------++-------
  Melee: Unarmed           |    48 |    84 ||   132
         Punch             |     2 |     1 ||     3
  Throw: Dart              |     2 |       ||     2
    Use: Scroll            |     2 |       ||     2
         Potion            |       |     2 ||     2
   Stab: Invisible         |       |     1 ||     1
 Armour: Leather armour    |    16 |       ||    16
         Ring mail         |     9 |    77 ||    86
  Dodge: Dodged            |    19 |    64 ||    83
  Block: Other             |       |     5 ||     5
